 Dungeon Crawl Stone Soup version 0.29-a0-1043-g569b05d6ff (webtiles) character file.

Game seed: 11115646568240802761

1780 Plasmagod the Cleaver (level 8, -14/64 HPs)
             Began as a Minotaur Berserker on Aug 16, 2022.
             Was an Elder of Trog.
             Demolished by an ogre
             ... wielding a +0 giant spiked club
              (24 damage)
             ... on level 5 of the Dungeon.
             The game lasted 00:10:15 (4991 turns).

Plasmagod the Cleaver (Minotaur Berserker)          Turns: 4991, Time: 00:10:15

Health: -14/64     AC:  9    Str: 29    XL:     8   Next: 81%
Magic:  0/7        EV:  7    Int:  4    God:    Trog [****..]
Gold:   503        SH:  8    Dex: 17    Spells: 7/7 levels left

rFire   . . .      SeeInvis .   a - +1 hand axe (elec)
rCold   . . .      Faith    .   y - +1 kite shield
rNeg    . . .      Spirit   +   i - +0 chain mail
rPois   .          Reflect  .   (helmet restricted)
rElec   .          Harm     .   t - +0 cloak
rCorr   .          Rampage  .   (no gloves)
Will    .....                   (no boots)
Stlth   ..........              f - amulet of guardian spirit
HPRegen 0.20/turn               g - +6 ring of strength
MPRegen 0.10/turn               m - +6 ring of dexterity

@: on berserk cooldown, slowed, very slow
A: horns 2, retaliatory headbutt
a: Renounce Religion, Berserk, Trog's Hand, Brothers in Arms


You were on level 5 of the Dungeon.
You worshipped Trog.
Trog was greatly pleased with you.
You visited 1 branch of the dungeon, and saw 5 of its levels.
You also visited: Ossuary.

You collected 503 gold pieces.

Inventory:

Hand Weapons
 a - a +1 hand axe of electrocution (weapon)
Armour
 i - a +0 chain mail (worn)
 t - a +0 cloak (worn)
 y - a +1 kite shield (worn)
Jewellery
 c - a ring of positive energy
 f - an amulet of guardian spirit (around neck)
 g - a +6 ring of strength (left hand)
 m - a +6 ring of dexterity (right hand)
Wands
 o - a wand of flame (30)
 z - a wand of mindburst (9)
Scrolls
 d - 4 scrolls of teleportation
 h - a scroll of vulnerability
 j - a scroll of blinking
 s - a scroll of fog
 v - a scroll of silence
Potions
 b - 3 potions of heal wounds {unknown}
 e - 6 potions of curing
 k - 4 potions of brilliance {unknown}
 l - a potion of attraction {unknown}
 n - 3 potions of haste
 p - a potion of cancellation {unknown}
 q - a potion of might {unknown}
 r - a potion of flight {unknown}
 A - 3 potions of mutation
 D - 2 potions of lignification {unknown}
 E - a potion of invisibility {unknown}


   Skills:
 - Level 3.6 Fighting
 + Level 13.8 Axes
 - Level 2.4 Armour
 - Level 2.1 Dodging


You had 7 spell levels left.
You didn't know any spells.
Your spell library was empty.

Dungeon Overview and Level Annotations

Branches:
Dungeon (5/15)            Ossuary (visited)
 Temple: D:4-7

Altars:
Cheibriados
Elyvilon
Kikubaaqudgha
Okawaru
Sif Muna

Annotations:
D:5 Edmund


Innate Abilities, Weirdness & Mutations

You have a pair of horns on your head.
You reflexively headbutt those who attack you in melee.


Message History

You are exhausted.
You feel yourself slow down.
You feel sick. You block the scorpion's attack.
You hit the scorpion. Lightning courses through the scorpion!
You kill the scorpion!
Trog accepts your kill.
You feel very sick.
You feel sick.
You feel sick.
You feel the effects of Trog's Hand fading.
You feel sick.
You are no longer corroded.
You feel sick.
You feel sick.
You are no longer poisoned.
The yak gores you.
You hit the yak but do no damage. You block the yak's attack.
An ogre comes into view. It is wielding a +0 giant spiked club.
The ogre shouts!
You slash the yak!
The yak is moderately wounded.
Your skin stops crawling.
You feel less strong-willed. The yak gores you!
You barely miss the yak.
The yak is moderately wounded.
The yak gores you.
* * * LOW HITPOINT WARNING * * *
The yak gores you but does no damage.
You slash the yak!
The yak is severely wounded.
You block the yak's attack.
You hit the yak but do no damage. You headbutt the yak.
The yak is severely wounded.
The yak gores you!
* * * LOW HITPOINT WARNING * * *
You hit the yak but do no damage. Lightning courses through the yak!
You kill the yak!
Trog accepts your kill. The ogre attacks as you move away!
The ogre hits you with a +0 giant spiked club!!
You die...

# .. #....# # ....
....# # ...#...#..#
.##### .#.#...#.#...#
.......
#...#...#....#
....### ............#
.. # #...#...#O.# #
.# #...#[#.@.# #.###
#...#...#....# ....
......†)†...## ..#.
...#††.#.# #.#.
#...#.#).#########
#.#.
#...#...#....#......#
#.#.
....................#
#...
#############......#
####.#
#......###.....


You could see an ogre.

Vanquished Creatures
  A yak (D:5)
  A vampire mosquito (D:5)
  An acid dragon (D:5)
  A water moccasin (D:5)
  An orc warrior (D:5)
  An ice beast (D:5)
  2 ogres (D:5)
  A phantom (D:5)
  3 scorpions
  A howler monkey (D:5)
  A hound (D:5)
  A jelly (D:4)
  2 orc priests
  Natasha (D:2)
  3 iguanas (D:5)
  5 orc wizards (D:5)
  8 mummies (Ossuary)
  6 adders
  4 gnolls (D:2)
  2 worms
  6 dart slugs
  14 orcs
  8 endoplasms
  6 goblins
  9 hobgoblins
  2 jackals (D:2)
  7 quokkas
  8 ball pythons
  5 bats
  4 frilled lizards
  A gnoll zombie (Ossuary)
  2 hobgoblin zombies (Ossuary)
  3 kobolds
  2 kobold zombies (Ossuary)
  3 orc zombies (Ossuary)
  4 rats
130 creatures vanquished.

Vanquished Creatures (others)
  Natasha (D:2)
  A fungus (D:1)
  3 plants (D:1)
5 creatures vanquished.

Grand Total: 135 creatures vanquished

Notes
Turn   | Place    | Note
-------+----------+-------------------------------------------
     0 | D:1      | Plasmagod the Minotaur Berserker began the quest for the
                  | Orb.
     0 | D:1      | Reached XP level 1. HP: 19/19 MP: 0/0
   169 | D:1      | Reached skill level 4 in Axes
   176 | D:1      | Reached XP level 2. HP: 13/26 MP: 1/1
   388 | D:1      | Found a faded altar of an unknown god.
   973 | D:1      | Reached skill level 5 in Axes
   978 | D:1      | Reached ** piety under Trog
   979 | D:1      | Reached XP level 3. HP: 24/31 MP: 0/2
  1133 | D:2      | Noticed Natasha
  1145 | D:2      | Killed Natasha
  1673 | D:2      | Reached skill level 6 in Axes
  1673 | D:2      | Reached XP level 4. HP: 39/39 MP: 3/3
  1827 | D:2      | Noticed Natasha
  1834 | D:2      | Killed Natasha
  1842 | D:2      | Reached XP level 5. HP: 37/45 MP: 4/4
  1847 | D:2      | Reached skill level 7 in Axes
  2631 | D:3      | Found a faded altar of an unknown god.
  2811 | D:3      | Found a snail-covered altar of Cheibriados.
  2964 | D:4      | Found an ancient bone altar of Kikubaaqudgha.
  2965 | D:4      | Found an iron altar of Okawaru.
  2966 | D:4      | Found a white marble altar of Elyvilon.
  2966 | D:4      | Found a shimmering blue altar of Sif Muna.
  3102 | D:4      | Reached *** piety under Trog
  3147 | D:4      | Reached skill level 8 in Axes
  3147 | D:4      | Reached XP level 6. HP: 30/51 MP: 3/5
  3276 | D:4      | Found a sand-covered staircase.
  3285 | Ossuary  | Entered an ossuary
  3377 | Ossuary  | Reached skill level 9 in Axes
  4255 | D:5      | Entered Level 5 of the Dungeon
  4283 | D:5      | Reached XP level 7. HP: 38/57 MP: 2/6
  4479 | D:5      | Reached skill level 10 in Axes
  4595 | D:5      | Noticed Edmund
  4699 | D:5      | Reached skill level 11 in Axes
  4704 | D:5      | Reached **** piety under Trog
  4956 | D:5      | Noticed a vampire mosquito
  4965 | D:5      | Killed a vampire mosquito
  4966 | D:5      | Reached skill level 12 in Axes
  4966 | D:5      | Reached XP level 8. HP: 64/64 MP: 7/7
  4974 | D:5      | Reached skill level 13 in Axes
  4991 | D:5      | Demolished by an ogre

Illustrated notes

Levels and vault maps discovered:
D:1:      heliophobic_arrival_battle_scene, layout_rooms,
          shapermc_ecumenical_altar_petra
D:2:      layout_rooms, minmay_misc_feat_four_crosses, uniq_natasha
D:3:      layout_basic, nicolae_overflow_ecumenical_swirl, serial_curves,
          eino_curves_03, eino_curves_01, eino_curves_02
D:4:      layout_cave_pods, mainiacjoe_overflow_alcove_3,
          nicolae_ossuary_entry_monument, hangedman_decor_points, st_stairs_13,
          nicolae_underground_beach
D:5:      cheibrodos_fzero, layout_basic, uniq_edmund

Skill      XL: |  1  2  3  4  5  6  7  8 |
---------------+-------------------------+-----
Axes           | 4 5 6 8 9 12 13 | 13.8
Fighting       | |  3.6
Armour         | |  2.4
Dodging        | |  2.1

Action                   |  1- 3 |  4- 6 |  7- 9 || total
-------------------------+-------+-------+-------++-------
Melee: Hand axe          |    89 |   136 |    64 ||   289
       Headbutt          |    13 |    29 |    12 ||    54
Invok: Berserk           |     1 |     2 |     2 ||     5
       Trog's Hand       |       |       |     1 ||     1
  Use: Scroll            |       |    15 |       ||    15
 Stab: Sleeping          |     1 |       |       ||     1
Armor: Animal skin       |     4 |       |       ||     4
       Chain mail        |    31 |    51 |    20 ||   102
Dodge: Dodged            |    44 |    44 |     8 ||    96
Block: Kite shield       |       |     8 |    14 ||    22

Table legend: (Time is in decaauts)
 A = Elapsed time spent in this place.
 B = Non-inter-level travel time spent in this place.
 C = Inter-level travel time spent in this place.
 D = Time resting spent in this place.
 E = Time spent auto-exploring this place.
 F = Levels seen in this place.
 G = Mean time per level.
                   A        B        C        D        E       F      G
               +--------+--------+--------+--------+--------+-----+--------+
         Total |   5023 |   4853 |    170 |    304 |   3293 |   6 |  837.2 |
       Dungeon |   4790 |   4620 |    170 |    271 |   3181 |   5 |  958.0 |
       Ossuary |    232 |    232 |      0 |     33 |    112 |   1 |  232.0 |
               +--------+--------+--------+--------+--------+-----+--------+

Top non-repeatable levels by time:
     D:4: 1412 daAuts
     D:1: 1092 daAuts
     D:2: 1081 daAuts
     D:3: 707 daAuts
     D:5: 496 daAuts
 Ossuary: 232 daAuts
